Map: Odyssey LE

Players

DnS

  • Race: Protoss Protoss
  • Spawn Location: 5:00

Elazer - Winner!

  • Race: Zerg Zerg
  • Spawn Location: 11:00

Event: WCS Jonkoping 2017

VOD

Have the link to the VOD?

Description

Time

  • Played on: June 17, 2017, 1:42 p.m.
  • Length: 15:47

All games in this series

Show
View Real Time Build Order
Export as new Build Order

DnS Protoss 

Build Orders: Nexus First 

Get SALT Encoding   

  12  0:00  Probe (Chrono Boost)  
  13  0:11  Probe (Chrono Boost)  
  14  0:18  Pylon  
  14  0:22  Probe (Chrono Boost)  
  15  0:36  Probe (Chrono Boost)  
  16  0:46  Probe (Chrono Boost)  
  17  0:57  Nexus  
  17  1:07  Gateway  
  17  1:11  Probe (Chrono Boost)  
  18  1:16  Assimilator  
  18  1:21  Probe (Chrono Boost)  
  18  1:23  Assimilator  
  19  1:32  Probe (Chrono Boost)  
  20  1:33  Pylon  
  20  1:42  Probe (Chrono Boost)  
  21  1:53  Probe (Chrono Boost)  
  22  1:54  Cybernetics Core  
  22  1:56  Zealot  
  24  2:03  Probe (Chrono Boost)  
  25  2:10  Probe (Chrono Boost)  
  25  2:14  Probe (Chrono Boost)  
  27  2:20  Probe (Chrono Boost)  
  28  2:24  Probe (Chrono Boost)  
  29  2:30  Adept (Chrono Boost)  
  29  2:31  Probe, Warp Gate (Chrono Boost)  
  29  2:33  Probe  
  33  2:37  Twilight Council  
  33  2:43  Probe  
  33  2:44  Probe  
  35  2:54  Robotics Facility  
  35  2:56  Probe  
  35  2:58  Probe  
  37  3:03  Charge (Chrono Boost)  
  37  3:21  Gateway x2  
  37  3:25  Gateway  
  37  3:33  Gateway  
  37  3:35  Gateway  
  37  3:38  Gateway  
  37  3:42  Gateway  
  37  3:46  Warp Prism (Chrono Boost)  
  39  3:52  Mothership Core  
  39  3:54  Zealot  
  43  4:00  Pylon  
  43  4:04  Pylon  
  43  4:11  Pylon  
  43  4:33  Zealot x2  
  43  4:34  Zealot x5  
  43  4:35  Zealot  
  59  4:42  Pylon  
  59  4:56  Zealot x6  
  65  5:00  Zealot  
  65  5:01  Zealot  
  59  5:20  Zealot x3  
  59  5:21  Zealot x3  
  63  5:25  Zealot  
  63  5:26  Zealot  
  45  5:45  Probe (Chrono Boost)  
  45  5:47  Probe (Chrono Boost)  
  47  5:56  Zealot x8  
  63  6:09  Immortal (Chrono Boost)  
  57  6:13  Probe (Chrono Boost)  
  57  6:14  Probe  
  57  6:18  Assimilator  
  55  6:21  Sentry  
  55  6:23  Probe  
  58  6:26  Assimilator  
  58  6:28  Pylon  
  58  6:32  Probe  
  59  6:34  Probe  
  60  6:44  Probe, Immortal (Chrono Boost)  
  60  6:46  Probe  
  65  6:50  Zealot  
  65  6:51  Zealot x2  
  65  6:53  Sentry  
  74  6:56  Probe  
  74  6:57  Probe  
  76  7:08  Probe  
  76  7:10  Probe  
  76  7:11  Pylon  
  78  7:18  Immortal (Chrono Boost)  
  78  7:20  Probe x2  
  83  7:32  Probe  
  84  7:37  Sentry x3, Nexus  
  84  7:39  Sentry  
  84  7:41  Pylon  
  84  7:42  Probe  
  93  7:50  Probe  
  94  7:56  Pylon  
  94  8:00  Immortal (Chrono Boost)  
  94  8:04  Probe  
  99  8:09  Dark Shrine  
  99  8:19  Zealot x4  
  107  8:24  Zealot  
  109  8:33  Pylon  
  105  8:34  Zealot, Sentry  
  109  8:47  Probe  
  108  8:48  Probe  
  108  8:50  Immortal (Chrono Boost)  
  108  8:52  Sentry x2  
  108  8:53  Zealot x2  
  122  8:59  Forge, Probe  
  122  9:01  Probe  
  122  9:03  Probe  
  124  9:10  Probe  
  124  9:16  Probe  
  121  9:17  Probe  
  121  9:20  Assimilator  
  121  9:21  Assimilator  
  123  9:25  Probe  
  123  9:27  Probe  
  123  9:29  Probe  
  130  9:31  Pylon  
  130  9:32  Pylon  
  130  9:33  Dark Templar x3  
  130  9:41  Pylon, Protoss Ground Weapons Level 1 (Chrono Boost)  
  130  9:42  Pylon  
  130  9:45  Pylon  
  130  9:46  Pylon  
  128  9:56  Dark Templar x3  
  126  10:02  Zealot  
  128  10:08  Zealot x4  
  128  10:11  Immortal  
  134  10:30  Dark Templar x2  
  134  10:31  Dark Templar  
  134  10:32  Dark Templar  
  134  10:34  Archon  
  134  10:35  Zealot  
  144  10:37  Photon Cannon  
  144  10:38  Pylon, Archon  
  144  10:39  Archon  
  144  10:46  Pylon  
  144  10:48  Dark Templar x2  
  146  11:03  Phoenix  
  146  11:11  Zealot x6  
  140  11:17  Warp Prism  
  134  11:27  Protoss Ground Weapons Level 2 (Chrono Boost)  
  134  11:32  Dark Templar x4  
  142  11:33  Zealot x3  
  142  11:34  Zealot  
  142  11:36  Archon  
  142  11:37  Archon  
  150  11:42  Nexus  
  150  11:54  Zealot  
  148  12:11  Dark Templar  
  148  12:14  Zealot x7  
  157  12:37  Dark Templar x2  
  157  12:38  Dark Templar x2, Nexus  
  157  12:41  Archon  
  157  12:42  Archon  
  139  13:02  Dark Templar x4  
  147  13:06  Archon x2  
  139  13:19  Dark Templar x2  
  137  13:20  Dark Templar x2  
  105  13:35  Dark Templar x3  
  95  13:48  Archon  
  83  14:02  Dark Templar x4  
  88  14:04  Zealot  
  88  14:06  Archon x2  
  88  14:26  Archon  
  88  14:31  Dark Templar  
  88  14:32  Dark Templar  
  84  14:54  Dark Templar x2  
  84  14:58  Archon  
  88  15:01  Dark Templar  
  44  15:37  Dark Templar x2  
Show
View Real Time Build Order
Export as new Build Order

Elazer Zerg - Winner!

Build Orders: Hatch First 

Get SALT Encoding   

  12  0:00  Drone  
  13  0:12  Overlord  
  13  0:16  Drone  
  14  0:30  Drone x2  
  14  0:34  Drone  
  17  0:51  Hatchery  
  17  0:53  Drone  
  17  0:57  Drone  
  18  1:07  Extractor  
  17  1:12  Spawning Pool  
  17  1:14  Drone  
  17  1:17  Drone  
  18  1:27  Drone  
  19  1:38  Overlord  
  19  1:53  Drone  
  20  1:58  Queen  
  20  2:00  Drone  
  23  2:02  Queen  
  23  2:03  Zergling x2  
  23  2:07  Metabolic Boost  
  26  2:11  Drone  
  26  2:15  Drone  
  28  2:22  Drone  
  29  2:24  Drone  
  30  2:37  Hatchery  
  30  2:38  Zergling x2  
  30  2:43  Drone  
  31  2:46  Pneumatized Carapace  
  31  2:49  Drone  
  31  2:51  Drone  
  33  2:57  Overlord  
  34  2:58  Drone  
  34  3:04  Drone  
  35  3:07  Drone  
  36  3:15  Queen, Drone x3  
  41  3:23  Overlord  
  41  3:24  Drone  
  42  3:29  Drone  
  42  3:30  Drone  
  44  3:42  Roach Warren  
  44  3:47  Drone x3  
  46  3:49  Overlord x2  
  46  3:50  Queen  
  48  3:57  Zergling x8  
  48  4:01  Overlord  
  52  4:21  Roach x8  
  52  4:24  Extractor  
  67  4:25  Roach  
  67  4:27  Roach  
  67  4:28  Overlord  
  67  4:29  Drone x2  
  73  4:35  Queen  
  75  4:39  Extractor  
  75  4:40  Overlord  
  75  4:42  Roach  
  75  4:48  Roach  
  75  4:52  Overlord  
  76  4:53  Zergling x10  
  79  5:03  Roach x3  
  79  5:06  Queen  
  78  5:15  Roach x2  
  78  5:19  Roach  
  76  5:22  Zergling x2, Roach  
  76  5:23  Zergling x4  
  78  5:28  Zergling x6, Roach  
  78  5:29  Zergling x2  
  78  5:35  Queen  
  77  5:40  Roach x3  
  81  5:48  Overlord  
  81  5:51  Drone x2  
  81  5:52  Drone  
  81  5:55  Drone  
  81  5:56  Drone x3  
  88  5:59  Drone x3  
  89  6:04  Overlord  
  89  6:10  Queen  
  87  6:13  Lair  
  87  6:15  Drone x2  
  87  6:18  Drone x2  
  91  6:20  Drone  
  91  6:21  Extractor  
  91  6:22  Drone  
  91  6:23  Drone  
  91  6:24  Drone  
  94  6:26  Ravager  
  94  6:28  Ravager  
  94  6:31  Overlord  
  94  6:32  Drone x2  
  98  6:33  Drone  
  98  6:35  Drone  
  98  6:36  Drone  
  101  6:40  Drone  
  101  6:41  Drone  
  101  6:46  Drone  
  104  6:48  Drone  
  105  6:55  Extractor, Roach  
  105  6:56  Roach x2  
  105  7:01  Overlord  
  110  7:02  Hatchery, Roach x2  
  113  7:09  Drone x4  
  113  7:10  Extractor  
  113  7:12  Drone  
  113  7:13  Roach  
  119  7:21  Glial Reconstitution  
  117  7:23  Roach x6  
  117  7:24  Roach  
  117  7:29  Roach  
  135  7:30  Roach  
  135  7:34  Roach  
  135  7:36  Overlord  
  136  7:41  Roach  
  136  7:43  Overlord x2  
  138  7:46  Hydralisk Den  
  138  7:49  Evolution Chamber  
  138  7:51  Ravager x2  
  138  7:54  Drone  
  138  7:57  Overlord  
  139  8:00  Queen  
  139  8:01  Drone  
  139  8:02  Drone x4  
  139  8:03  Roach  
  139  8:04  Roach x3  
  152  8:08  Overlord  
  152  8:22  Hydralisk x5, Muscular Augments, Zerg Missile Weapons Level 1  
  152  8:25  Hydralisk  
  158  8:39  Hydralisk x6  
  170  8:48  Baneling Nest, Drone x4  
  172  8:49  Drone x3  
  176  8:56  Hatchery  
  176  8:58  Hydralisk  
  176  8:59  Hydralisk x3  
  183  9:04  Overlord x2  
  176  9:17  Drone  
  176  9:18  Drone x3  
  176  9:20  Hydralisk  
  176  9:21  Hydralisk  
  184  9:26  Hydralisk x6  
  184  9:27  Evolution Chamber  
  195  9:35  Centrifical Hooks  
  195  9:36  Zergling x6  
  198  9:42  Overseer  
  176  10:01  Overseer  
  176  10:06  Drone x7  
  174  10:13  Hydralisk x4  
  172  10:16  Drone x2  
  172  10:17  Drone  
  172  10:20  Drone x5  
  174  10:24  Drone x3  
  174  10:27  Zerg Missile Weapons Level 2  
  174  10:28  Zerg Melee Weapons Level 1  
  172  10:32  Queen x2  
  176  10:35  Spore Crawler  
  176  10:36  Spore Crawler  
  176  10:37  Spore Crawler  
  176  10:38  Drone  
  176  10:39  Spore Crawler  
  176  10:40  Hydralisk  
  176  10:41  Hydralisk x6  
  187  10:45  Zergling x2  
  187  10:46  Zergling x6  
  155  11:17  Hydralisk x9  
  139  11:19  Zergling x2  
  139  11:20  Zergling x14  
  144  11:26  Hydralisk  
  144  11:31  Hydralisk x3  
  152  11:35  Hydralisk  
  152  11:37  Overlord  
  152  11:39  Hydralisk  
  154  11:40  Hatchery, Zergling x4  
  154  11:46  Hydralisk x2  
  161  11:50  Hydralisk x2  
  165  11:56  Hydralisk x2  
  165  11:58  Zergling x16  
  177  12:06  Hydralisk  
  177  12:07  Hydralisk x2  
  183  12:09  Zergling x4  
  183  12:12  Zergling x4, Overlord  
  183  12:13  Zergling x4  
  183  12:14  Baneling x4  
  189  12:20  Baneling x5  
  189  12:21  Baneling  
  189  12:25  Baneling x3  
  189  12:28  Zergling x2  
  189  12:29  Zergling x18  
  200  12:31  Baneling x4  
  199  12:37  Baneling x4  
  199  12:40  Zergling x2  
  199  12:41  Zergling x8  
  180  12:51  Zergling x2  
  180  12:52  Zergling x6  
  180  12:55  Baneling x11  
  177  13:01  Hydralisk x2  
  181  13:07  Hatchery  
  181  13:12  Hydralisk x3  
  171  13:13  Hydralisk  
  171  13:17  Zergling x4  
  175  13:25  Hydralisk x4  
  166  13:32  Hydralisk  
  138  13:34  Overseer  
  138  13:38  Zergling x6  
  125  13:42  Hydralisk  
  125  13:45  Hydralisk  
  117  13:49  Hydralisk  
  117  13:53  Hydralisk  
  121  14:01  Hydralisk x2  
  123  14:06  Hydralisk  
  123  14:08  Hydralisk  
  127  14:11  Overseer  
  122  14:18  Hydralisk x2  
  122  14:22  Hydralisk  
  120  14:25  Hydralisk  
  120  14:28  Hydralisk  
  124  14:31  Hydralisk  
  120  14:47  Hydralisk x5  
  120  14:52  Hydralisk x2  
  124  14:54  Hydralisk  
  130  15:01  Hydralisk  
  130  15:02  Hydralisk x2  
  136  15:10  Hydralisk x3  
  142  15:20  Hydralisk x3  
Tags
 
Add a new tag
Caveats
  • Supply blocks, unpowered buildings, or Contaminate may cause inaccurate times.
  • Supply counts are checked every 10 seconds.